Description

This is the Build order from the 2021 BeastyQT guide on how to play bio with Terran against Zerg.

VOD

https://www.youtube.com/watch?v=eK0Z48lON28

Replay - Beastyqt Bio vs Zerg 2021

Build Order

Get SALT Encoding   

  12  0:00  SCV  
  13  0:12  SCV  
  14  0:17  Supply Depot  
  14  0:24  SCV  
  15  0:39  SCV  
  15  0:40  Barracks  
  16  0:45  Refinery  
  16  0:51  SCV  
  17  1:03  SCV Scout (optional)  
  18  1:15  SCV  
  19  1:27  Orbital Command  
  19  1:28  Reaper  
  20  1:41  Command Center  
  20  1:53  SCV  
  21  1:55  Supply Depot  
  21  2:00  Marine, Action Reaper attack or defend natural, Check for 3rd base  
  22  2:05  SCV  
  23  2:17  SCV  
  23  2:18  Factory  
  23  2:22  Barracks Reactor  
  25  2:37  Command Center Indoors  
  26  2:52  Orbital Command  
  27  3:00  Action Barracks ⇄ Factory  
  27  3:07  Hellion x2  
  27  3:11  Starport  
  32  3:19  Refinery  
  34  3:22  Barracks Tech Lab  
  34  3:28  Hellion x2  
  42  3:50  Hellion x2, Orbital Command  
  46  3:52  Action Barracks ⇄ Starport  
  47  3:59  Banshee  
  51  4:04  Cloaking Field  
  52  4:10  Supply Depot  
  52  4:12  Hellion x2  
  59  4:28  Armory  
  60  4:33  Supply Depot  
  62  4:39  Supply Depot, Hellion x2  
  67  4:43  Action Push on natural  
  67  4:52  Barracks Tech Lab  
  69  4:54  Banshee  
  75  5:08  Barracks x2  
  75  5:09  Refinery x2  
  75  5:10  Factory Reactor Detach from current reactor  
  75  5:11  Marine  
  79  5:22  Stimpack  
  80  5:29  Marine, Action Orbital Command → 3rd base  
  80  5:33  Engineering Bay x2  
  82  5:41  Barracks x2  
  83  5:46  Marine  
  83  5:47  Starport Reactor Detach from current Techlab  
  85  5:48  Action Factory → Techlab  
  88  5:57  Siege Tank  
  88  5:58  Marine x2, Action Barracks → Reactor  
  94  6:05  Marine x2  
  98  6:11  Marine x2  
  107  6:27  Medivac x2  
  113  6:36  Barracks Reactor x2  
  113  6:39  Refinery x2  
  114  6:49  Siege Tank  
  116  7:05  Medivac x2  
  129  7:22  Command Center  
  130  7:30  Factory  
Spawning Tool Build Advisor. Get it on Overwolf

Go to:

Details

  • Created by: Acemond
  • Published on: Dec 06, 2022
  • Modified on: Jan 16, 2023
  • Patch: 4.11.0
  • Difficulty: Medium
Show
View Real Time Build Order
Export as new Build Order

Comments (0)

There are no comments. Be the first!

Create an account to comment!